 Dungeon Crawl Stone Soup version 0.17-a0-1880-gacf7e67 (webtiles) character file.

469 Goblin1989 the Ruffian (level 6, -3/47 HPs)
             Began as a Draconian Transmuter on Sept 21, 2015.
             Was a Believer of Cheibriados.
             Blown up by Pikel (21 damage)
             ... with a wand of disintegration
             ... on level 4 of the Dungeon.
             The game lasted 00:17:41 (4214 turns).

Goblin1989 the Ruffian (Draconian Transmuter)       Turns: 4214, Time: 00:17:41

Health: -3/47      AC:  8    Str: 16    XL:     6   Next: 82%
Magic:  8/9        EV: 12    Int: 25    God:    Cheibriados [**....]
Gold:   173        SH:  0    Dex: 15    Spells: 3 memorised, 2 levels left

rFire  . . .     SeeInvis .       - Unarmed
rCold  . . .     Clarity  .     (armour unavailable)
rNeg   . . .     SustAt   +     (no shield)
rPois  .         Gourm    .     (helmet restricted)
rElec  .         Spirit   .     f - +0 cloak
rCorr  .         Warding  .     x - +0 pair of gloves
rMut   .         Stasis   .     (no boots)
MR     .....                    (no amulet)
Stlth  +.........               (no ring)
                                q - ring of sustain attributes

@: brilliant, appendage, very slow, not resistant to hostile enchantments, very
unstealthy
A: unfitting armour, horns 2, stinger 1, deterioration 1, evolution 1,
cold-blooded, AC +6
a: End Transformation, Bend Time, Renounce Religion


You were on level 4 of the Dungeon.
You worshipped Cheibriados.
Cheibriados was pleased with you.
You were not hungry.
You had grown temporary horns.
You visited 1 branch of the dungeon, and saw 4 of its levels.

You collected 173 gold pieces.

Inventory:

Missiles
 a - 9 arrows (quivered)
Armour
 f - a +0 cloak (worn)
 x - a +0 pair of gloves (worn)
Jewellery
 q - a ring of sustain attributes (left hand)
 t - an uncursed ring of flight {unknown}
 u - an uncursed amulet of resist corrosion {unknown}
Scrolls
 d - a scroll of enchant weapon {unknown}
 e - a scroll of fear
 g - a scroll of amnesia
 j - a scroll of recharging {unknown}
 k - a scroll of fog
 l - a scroll of magic mapping {unknown}
 o - 3 scrolls of enchant armour
 v - a scroll of teleportation {unknown}
Potions
 m - a potion of flight
 p - a potion of magic
 r - a potion of curing
Books
 b - a book of Changes

   Spells                             Type                      Level
   a - Beastly Appendage              Transmutation                1
   b - Sticks to Snakes               Transmutation                2
   c - Spider Form                    Transmutation/Poison         3
   d - Ice Form                       Ice/Transmutation            4
   e - Blade Hands                    Transmutation                5
Comestibles
 c - 4 bread rations
 h - 3 meat rations
 i - a slice of pizza
 n - 4 fruits
 w - a beef jerky


   Skills:
 - Level 1.1 Fighting
 - Level 1.7 Dodging
 + Level 7.8 Unarmed Combat
 - Level 2.0 Spellcasting
 - Level 2.0 Transmutations


You had 2 spell levels left.
You knew the following spells:

 Your Spells              Type           Power        Failure   Level  Hunger
a - Beastly Appendage     Trmt           ####..       1%          1    None
b - Sticks to Snakes      Trmt           ####......   1%          2    ##.....
c - Ice Form              Ice/Trmt       ###.....     13%         4    ####...


Dungeon Overview and Level Annotations

Branches:
Dungeon (4/15)
 Temple: D:4-7

Altars:
Ashenzari
Cheibriados
Fedhas

Annotations:
D:4 Pikel


Innate Abilities, Weirdness & Mutations

Your plain brown scales are hard (AC +6).
Your body does not fit into most forms of armour.
You are cold-blooded and may be slowed by cold attacks.
You have a pair of horns on your head.
Your tail ends in a poisonous barb.
Your body sometimes deteriorates upon taking damage.
You evolve.


Message History

an animal skin; a human corpse No target in view!
Your talons disappear.
Casting: Beastly Appendage
Confirm with . or Enter, or press ? or * to list all spells.
You grow a pair of large bovine horns.
Pikel the Slaver comes into view.
He is wielding a whip of flaming.
Pikel shouts!
Pikel zaps a wand.
You are blasted!
Your body deteriorates!
You feel weakened for a moment.
It is a wand of disintegration.
Found 20 arrows and a scroll of fear.
A slave comes into view.
Pikel zaps a wand.
You are blasted!
* * * LOW HITPOINT WARNING * * *
Drink which item? (? for menu, Esc to quit)
You feel better.
The slave shouts!
Pikel zaps a wand.
You are blasted!
You die...

. .. .# . #?# . p#
#.#.#.p#.# #..(...K##
##.#.## ##...#... ..
....# .......#.#
#...# #......#
#...###### #@#
#.........
#.#######...#####.
##.#.##.[............
#....[...............
#....##..............
#...########...#####.
##.# #......... #.
#...#####< #. #...#
##


You could see Pikel and 2 slaves.

Vanquished Creatures
  A slave (D:4)
  A centaur skeleton (D:4)
  Ijyb (D:2)
  3 orc wizards (D:3)
  3 orc priests (D:3)
  Robin (D:3)
  11 adders
  6 worms
  2 giant geckos
  9 orcs (D:3)
  4 giant cockroaches
  9 hobgoblins
  21 jackals
  A quokka (D:2)
  2 ball pythons (D:2)
  5 bats
  6 giant newts
  18 goblins
  6 kobolds
  4 rats
114 creatures vanquished.

Notes
Turn   | Place    | Note
--------------------------------------------------------------
     0 | D:1      | Goblin1989 the Draconian Transmuter began the quest for the Orb.
     0 | D:1      | Reached XP level 1. HP: 16/16 MP: 3/3
   151 | D:1      | Reached XP level 2. HP: 23/23 MP: 5/5
   415 | D:1      | Reached skill level 4 in Unarmed Combat
   525 | D:1      | Reached XP level 3. HP: 23/28 MP: 4/6
  1000 | D:2      | Noticed Ijyb
  1013 | D:2      | Killed Ijyb
  1013 | D:2      | Reached XP level 4. HP: 8/35 MP: 7/7
  1305 | D:2      | Reached skill level 5 in Unarmed Combat
  2122 | D:2      | Learned a level 2 spell: Sticks to Snakes
  2127 | D:2      | Learned a level 4 spell: Ice Form
  2212 | D:2      | Reached XP level 5. HP: 40/40 MP: 8/8
  2268 | D:3      | Found a snail-covered altar of Cheibriados.
  2276 | D:3      | Became a worshipper of Cheibriados the Contemplative
  2355 | D:3      | Reached skill level 6 in Unarmed Combat
  2451 | D:3      | Gained mutation: Your body sometimes deteriorates upon taking damage. [potion of mutation]
  2451 | D:3      | Gained mutation: You evolve. [potion of mutation]
  2958 | D:3      | Reached XP level 6. HP: 36/47 MP: 9/9
  2970 | D:3      | Reached skill level 7 in Unarmed Combat
  2978 | D:3      | Acquired Cheibriados's first power
  3073 | D:3      | Found a shattered altar of Ashenzari.
  3198 | D:3      | Noticed Robin
  3222 | D:3      | Killed Robin
  3421 | D:3      | Found a blossoming altar of Fedhas.
  3533 | D:3      | Gained mutation: Your tail ends in a poisonous barb. [evolution]
  4212 | D:4      | Noticed Pikel
  4214 | D:4      | Blown up by Pikel

Vault maps used:
D:1:      mrwooster_arrival_statue_2, grunt_decor_cap, minmay_box_of_dots
D:2:      uniq_iyjb
D:3:      ashenzari_altar_1, fedhas_altar_2, cheibriados_altar_1, first_bread,
          corner_web_ring, uniq_robin
D:4:      uniq_pikel, uniq_eustachio

Action                   |  1- 3 |  4- 6 || total
-------------------------+-------+-------++-------
Melee: Unarmed           |   136 |   266 ||   402
 Cast: Beastly Appendage |    16 |    42 ||    58
       Sticks to Snakes  |       |     3 ||     3
  Use: Scroll            |       |     7 ||     7
       Potion            |       |     6 ||     6
  Eat: Chunk             |     1 |     9 ||    10
